 Dungeon Crawl Stone Soup version 0.26-a0-412-ga3d1f51b80 (webtiles) character file.

Game seed: 8860905977044807198

120957 KristoblXynda the Carver (level 16, -14/135 HPs)
             Began as a White Draconian Gladiator on July 24, 2020.
             Was a High Priest of Ashenzari.
             Killed from afar by a thorn hunter (33 damage)
             ... with a volley of thorns
             ... on level 1 of the Swamp.
             The game lasted 01:07:56 (30205 turns).

KristoblXynda the Carver (DrGl)                    Turns: 30205, Time: 01:07:57

Health: -14/135    AC: 19    Str: 17    XL:     16   Next: 31%
Magic:  11/28      EV: 26    Int: 13    God:    Ashenzari [*****.]
Gold:   1272       SH:  6    Dex: 17    Spells: 22/31 levels left

rFire    . . .     SeeInvis +   F - +5 scimitar (flame) (curse)
rCold    + + .     Faith    .   O - +0 buckler
rNeg     . . .     Spirit   .   (armour unavailable)
rPois    +         Reflect  .   n - +2 hat
rElec    .         Harm     .   a - +2 cloak {MR+} (curse)
rCorr    .         Clarity  +   f - +2 pair of gloves {archery} (curse)
MR       ++...                  w - +1 pair of boots {run} (curse)
Stlth    +++++.....             z - amulet of Vitality {Regen+ HP+15}
HPRegen  0.72/turn              s - +4 ring of evasion (curse)
MPRegen  0.21/turn              G - ring of Egomania {rPois rC+ Stlth-}

@: very slightly contaminated, quick
A: breathe frost, unfitting armour, see invisible, agile 1, cold resistance 1,
frail 1, cold-blooded, AC +9
a: Breathe Frost, Curse Item, Scrying, Transfer Knowledge, Renounce Religion


You were on level 1 of the Swamp.
You worshipped Ashenzari.
Ashenzari was extremely pleased with you.
You visited 5 branches of the dungeon, and saw 25 of its levels.
You also visited: Volcano.

You collected 2790 gold pieces.
You spent 1518 gold pieces at shops.

Inventory:

Hand Weapons
 F - a cursed +5 scimitar of flaming (weapon)
Missiles
 c - 5 throwing nets (quivered)
Armour
 a - a cursed +2 cloak of magic resistance (worn)
 f - a cursed +2 pair of gloves of archery (worn)
 n - a +2 hat (worn)
 o - a +1 cloak of preservation
 w - a cursed +1 pair of boots of running (worn)
 D - a +1 kite shield of protection
 O - a +0 buckler (worn)
Jewellery
 k - the ring of Yckysk {Fire rPois}
   (You found it on level 3 of the Lair of Beasts)

   [ring of fire]

   It enhances your fire magic.
   It protects you from fire.
   It makes you vulnerable to cold.
   It protects you from poison.
 s - a cursed +4 ring of evasion (left hand)
 z - the amulet of Vitality (around neck) {Regen+ HP+15}
   (You found it on level 6 of the Dungeon)

   [amulet of regeneration]

   It affects your health (+15).
   It increases your rate of regeneration.
 A - an uncursed amulet of regeneration
 G - the ring of Egomania (right hand) {rPois rC+ Stlth-}
   (You bought it in a shop on level 1 of the Orcish Mines)

   [ring of attention]

   It protects you from cold.
   It protects you from poison.
   It makes you less stealthy.
 M - an uncursed ring of protection from magic
Wands
 i - a wand of clouds (3)
 v - a wand of paralysis (6)
 y - a wand of digging (14)
 P - a wand of disintegration (8)
Scrolls
 d - 5 scrolls of immolation
 e - 5 scrolls of blinking
 j - 10 scrolls of identify
 m - 18 scrolls of teleportation
 r - 7 scrolls of amnesia
 E - 2 scrolls of remove curse
 K - a scroll of silence
 N - 2 scrolls of brand weapon
Potions
 b - 2 potions of resistance
 g - 3 potions of cancellation
 h - 7 potions of curing
 l - 2 potions of ambrosia
 q - 3 potions of invisibility
 t - 2 potions of lignification
 u - a potion of brilliance
 x - 3 potions of haste
 B - 3 potions of mutation
 C - 4 potions of flight
 H - 5 potions of magic
 J - 3 potions of stabbing
Miscellaneous
 p - a phial of floods
 L - a box of beasts


   Skills:
 + Level 10.1 Fighting
 - Level 13.3(16.9) Long Blades
 - Level 2.0 Throwing
 - Level 11.4(13.7) Dodging
 - Level 12.7(15.0) Stealth
 + Level 5.4 Shields
 - Level 8.0 Spellcasting
 - Level 10.3 Summonings
 + Level 1.4 Transmutations
 + Level 10.9 Earth Magic
 - Level 10.1 Evocations


You had 22 spell levels left.
You knew the following spells:

 Your Spells              Type           Power        Failure   Level
a - Petrify               Tmut/Erth      ###.....     11%         4
b - Summon Forest         Summ/Tloc      ###.......   41%         5

Your spell library contained the following spells:

 Spells                   Type           Power        Failure   Level
 Sandblast                Erth           ####..       1%          1
 Summon Small Mammal      Summ           ####         1%          1
 Passwall                 Tmut/Erth      ###.....     1%          2
 Stone Arrow              Conj/Erth      ###...       4%          3
 Lee's Rapid Deconstruct  Erth           ####......   4%          5
 Summon Demon             Summ           ####......   5%          5
 Animate Skeleton         Necr           #.....       14%         1
 Apportation              Tloc           #.....       14%         1
 Corona                   Hex            #......      14%         1
 Pain                     Necr           #...         14%         1
 Summon Lightning Spire   Summ/Air       ###.....     16%         4
 Shadow Creatures         Summ           N/A          30%         6
 Confusing Touch          Hex            #.......     38%         3
 Gell's Gravitas          Tloc           #.........   38%         3
 Vampiric Draining        Necr           #.........   38%         3
 Summon Mana Viper        Hex/Summ       ###.....     41%         5
 Bolt of Magma            Conj/Fire/Erth ##........   65%         5
 Animate Dead             Necr           #.........   80%         4
 Summon Hydra             Summ           ####......   86%         7
 Iron Shot                Conj/Erth      ###.......   92%         6
 Yara's Violent Unravell  Hex/Tmut       #.........   96%         5
 Agony                    Necr           #.......     98%         5
 Iskenderun's Battlesphe  Conj           #.......     98%         5
 Metabolic Englaciation   Hex/Ice        #.........   98%         5
 Silence                  Hex/Air        #.........   98%         5
 Conjure Ball Lightning   Conj/Air       #.........   100%        6
 Orb of Destruction       Conj           #.........   100%        7
 Spellforged Servitor     Conj/Summ      ###.......   100%        7
 Tornado                  Air            #.........   100%        9


Dungeon Overview and Level Annotations

Branches:
Dungeon (15/15)            Temple (1/1) D:4            Lair (6/6) D:9
  Swamp (1/4) Lair:3        Snake (0/4) Lair:2        Slime (0/5) Lair:6
    Orc (2/2) D:11            Elf (0/3) Orc:2        Vaults (0/5) D:13
 Depths (0/5) D:15        Volcano (visited)

Altars:
Ashenzari
Cheibriados
Dithmenos
Elyvilon
Fedhas
Gozag
Hepliaklqana
Kikubaaqudgha
Makhleb
Nemelex Xobeh
Okawaru
Qazlal
Ru
Sif Muna
Trog
Uskayaw
Vehumet
Wu Jian
Xom
Yredelemnul
Zin
The Shining One
Jiyva

Shops:
D:5 (   D:11 [   Orc:1 =   Orc:2 (*(*

Annotations:
D:10 2 transporters, Necrophagist's ghost, novice NaIE


Innate Abilities, Weirdness & Mutations

You can breathe waves of freezing cold.
You can buffet flying creatures when you breathe cold.
Your icy white scales are hard. (AC +9)
You cannot fit into any form of body armour.
Your flesh is cold resistant. (rC+)
You are cold-blooded and may be slowed by cold attacks.
You have supernaturally acute eyesight. (SInv)
You are agile. (Dex +2)
You are frail. (-10% HP)


Message History

You tail-slap the thorn hunter.
The thorn hunter is lightly damaged.
The thorn hunter misses you. x2
Unknown command.
You hit the thorn hunter. You burn the thorn hunter.
You tail-slap the thorn hunter, but do no damage.
The thorn hunter is lightly damaged.
The thorn hunter completely misses you. The thorn hunter barely misses you.
You hit the thorn hunter but do no damage.
You tail-slap the thorn hunter, but do no damage.
The thorn hunter is lightly damaged.
The briar patch crumbles away. x2
The thorn hunter fires a volley of thorns at you.
The volley of thorns hits you!!
* * * LOW HITPOINT WARNING * * *
You slash the thorn hunter! You burn the thorn hunter.
The thorn hunter is moderately damaged.
The thorn hunter fires a volley of thorns at you.
The volley of thorns hits you!!
You die...

.....♣♣ *** *, , ** ≈≈≈≈≈.♣
,,, ≈[..♣♣ *, ≈ ≈≈≈≈≈.♣♣♣ *
≈≈≈≈!≈ * , ≈.≈≈≈.♣≈♣♣ **
PP≈P.. , .§≈≈≈...≈♣
♣♣♣♣♣♣.P≈P≈, ≈ ..≈≈.♣...♣
♣..♣≈..... , ≈ ≈.≈.♣♣...♣♣
♣≈.[♣..♣* , , ≈
§......≈..♣♣♣♣♣≈....♣♣♣♣,.,,
, ,
≈..♣..≈♣...≈....@†...≈≈♣≈≈
≈≈ *≈
≈≈≈♣♣♣..≈≈≈..≈≈f[.≈≈.PP...,,
≈≈♣♣*♣.≈≈≈≈.≈≈≈≈≈≈≈≈≈...≈≈ ,
,,
♣♣≈≈≈..≈≈≈..♣.≈≈≈.†....≈≈≈ ♣
.≈≈....≈♣≈.)≈≈≈≈≈...≈≈≈≈ ≈
..≈≈≈.≈....≈≈≈≈≈≈...≈≈≈≈, ,
*♣.≈≈≈.≈≈≈≈.≈≈≈≈≈..≈.≈≈≈. ,,
*♣≈....≈≈≈≈..≈....♣♣.≈≈≈D ≈*
, ♣...≈≈≈≈...≈≈≈♣♣ ≈≈≈≈.


You could see a thorn hunter.

Vanquished Creatures
  Gastronok (D:8)
  An orc warlord (Orc:2)
  A stone giant (D:11)
  A minotaur (Lair:1)
  Snorg (D:14)
  The ghost of Necrophagist the Blocker, a journeyman FoFi of Cheibriados (Lair:2)
  An ettin (Orc:1)
  The ghost of Punenop the Zephyrmancer, a journeyman DrAE of Vehumet (Lair:3)
  2 fire dragons
  The ghost of Paonulo the Fighter, a journeyman KoHu of Makhleb (Lair:1)
  15 hydras
  Fannar (D:10)
  2 vault guards (D:13)
  The ghost of Diofeng the Destroyer, a journeyman DrCj of Vehumet (D:12)
  Erica (D:8)
  3 catoblepae (Lair:6)
  5 two-headed ogres
  3 alligators
  5 centaur warriors
  A hell hog (Volcano)
  2 tengu warriors
  A death knight (D:15)
  9 death yaks
  An ogre mage (D:12)
  3 orc high priests (Orc:2)
  Sonja (D:11)
  A skeletal warrior (D:15)
  A wizard (D:13)
  A swamp dragon (Swamp:1)
  A lindwurm (Lair:6)
  A phantasmal warrior (D:15)
  2 cyclopes
  7 orc sorcerers
  6 orc knights
  3 manticores
  6 ugly things
  34 elephants
  Joseph (D:8)
  12 cane toads
  A black mamba (Lair:2)
  A gargoyle (D:14)
  6 rime drakes
  A yaktaur (D:13)
  An efreet (D:13)
  2 tengu conjurers
  2 freezing wraiths (D:15)
  10 komodo dragons
  5 tyrant leeches
  7 trolls
  A merfolk (D:15)
  A harpy zombie (D:15)
  8 hippogriffs
  6 slime creatures
  17 blink frogs
  6 wraiths
  4 fire bats (Volcano)
  A vampire (D:9)
  2 wyverns
  2 shadows (D:15)
  52 yaks
  3 basilisks
  20 humans
  Eustachio (D:5)
  3 steam dragons
  5 vampire mosquitoes
  2 nagas (Lair:2)
  3 swamp worms (Lair:3)
  11 insubstantial wisps
  9 wargs
  A soldier ant (D:12)
  2 hell hounds (Volcano)
  Duvessa (D:7)
  10 water moccasins
  8 porcupines
  A meliai simulacrum (D:15)
  A black bear (D:7)
  6 ice beasts
  30 orc warriors
  2 necrophages
  A black mamba simulacrum (Lair:3)
  4 sky beasts
  An eye of draining (D:13)
  4 phantoms
  10 ogres
  34 centaurs
  13 crocodiles
  A wyvern zombie (D:8)
  18 bullfrogs
  Dowan (D:7)
  A cane toad simulacrum (Lair:3)
  4 scorpions
  2 blink frog simulacra (Lair:3)
  A water moccasin skeleton (D:10)
  10 killer bees
  9 wights
  2 electric eels
  2 howler monkeys (D:10)
  3 centaur zombies
  3 bullfrog zombies
  11 hounds
  2 jellies
  A komodo dragon simulacrum (Lair:3)
  A gnoll shaman (D:10)
  42 orc wizards
  22 orc priests
  2 centaur skeletons
  9 iguanas
  Jessica (D:2)
  11 worker ants
  4 hell rats (Lair:4)
  2 yak simulacra (D:11)
  2 polar bear simulacra (D:11)
  3 wolf simulacra (D:11)
  2 hound zombies
  2 hound skeletons
  A worker ant zombie (D:11)
  11 adders
  7 gnolls
  4 river rats (Lair:4)
  2 white imps
  2 ufetubi
  An ooze (D:3)
  An adder zombie (D:8)
  2 adder skeletons
  4 worms
  2 dart slugs (D:2)
  6 leopard geckos
  86 orcs
  3 ball pythons
  8 giant cockroaches
  9 goblins
  8 hobgoblins
  6 jackals
  5 kobolds
  7 quokkas
  6 bats
  5 frilled lizards
  3 leopard gecko skeletons
  A leopard gecko zombie (D:8)
  A quokka skeleton (D:9)
  A quokka zombie (D:5)
  10 rats
  4 river rat simulacra (D:11)
  A plant (Lair:6)
844 creatures vanquished.

Vanquished Creatures (others)
  An orc warrior (Orc:2)
  A centaur (D:14)
  An orc (Orc:1)
  6 fungi
  11 plants
20 creatures vanquished.

Grand Total: 864 creatures vanquished

Notes
Turn   | Place    | Note
-------+----------+-------------------------------------------
     0 | D:1      | KristoblXynda the Draconian Gladiator began the quest for
                  | the Orb.
     0 | D:1      | Reached XP level 1. HP: 17/17 MP: 1/1
   155 | D:1      | Reached XP level 2. HP: 15/25 MP: 2/2
  1018 | D:2      | Reached XP level 3. HP: 30/30 MP: 3/3
  1406 | D:2      | Noticed Jessica
  1422 | D:2      | Killed Jessica
  1422 | D:2      | Reached XP level 4. HP: 32/38 MP: 4/4
  1519 | D:3      | Found a white marble altar of Elyvilon.
  1519 | D:3      | Found a hazy altar of Hepliaklqana.
  1519 | D:3      | Found a radiant altar of Vehumet.
  1597 | D:3      | Reached skill level 4 in Long Blades
  1971 | D:3      | Found a snail-covered altar of Cheibriados.
  1975 | D:3      | Reached XP level 5. HP: 46/46 MP: 5/5
  2901 | D:4      | Reached XP level 6. HP: 52/52 MP: 6/6
  3128 | D:4      | Found a staircase to the Ecumenical Temple.
  3128 | D:4      | Noticed an ice beast
  3146 | D:4      | Killed an ice beast
  3146 | D:4      | Reached skill level 5 in Long Blades
  3159 | Temple   | Entered the Ecumenical Temple
  3258 | Temple   | Became a worshipper of Ashenzari the Shackled
  3500 | D:4      | Found a sacrificial altar of Ru.
  3656 | D:5      | Entered Level 5 of the Dungeon
  3670 | D:5      | Found Muca's Antique Weapon Shoppe.
  4015 | D:5      | Noticed Eustachio
  4036 | D:5      | Killed Eustachio
  4036 | D:5      | Reached skill level 5 in Fighting
  4036 | D:5      | Your scales start taking on an icy white colour.
  4036 | D:5      | Reached XP level 7. HP: 52/61 MP: 7/7
  4036 | D:5      | Gained mutation: Your flesh is cold resistant. (rC+) [White
                  | Draconian growth]
  4215 | D:5      | Found a shattered altar of Ashenzari.
  4272 | D:5      | Reached skill level 6 in Long Blades
  5135 | D:6      | Reached skill level 5 in Dodging
  5478 | D:6      | Reached XP level 8. HP: 70/70 MP: 8/8
  5573 | D:6      | Reached skill level 7 in Long Blades
  5623 | D:6      | HP: 5/105 [wight/cursed +4 halberd (10)]
  5971 | D:6      | Found the amulet of Vitality {Regen+ HP+15}
  6030 | D:6      | Noticed Blork the orc
  6038 | D:6      | Noticed Blork
  6038 | D:6      | Blork the orc changed into Blork the centaur
  6046 | D:6      | Killed Blork the centaur
  6708 | D:7      | Reached * piety under Ashenzari
  6749 | D:7      | Reached skill level 8 in Long Blades
  6792 | D:7      | Noticed a hippogriff
  6806 | D:7      | Killed a hippogriff
  6888 | D:7      | Found a burning altar of Makhleb.
  6888 | D:7      | Found a glowing silver altar of Zin.
  6889 | D:7      | Noticed an angel
  6889 | D:7      | Noticed an Executioner
  7088 | D:7      | Noticed Dowan
  7089 | D:7      | Noticed Duvessa
  7100 | D:7      | Killed Duvessa
  7100 | D:7      | Reached XP level 9. HP: 79/79 MP: 9/9
  7113 | D:7      | Killed Dowan
  7540 | D:8      | Reached skill level 1 in Evocations
  7599 | D:8      | Noticed Joseph
  7614 | D:8      | Killed Joseph
  7614 | D:8      | Reached skill level 9 in Long Blades
  7715 | D:8      | Found an opulent altar of Gozag.
  7910 | D:8      | Noticed a troll
  7925 | D:8      | Killed a troll
  8047 | D:8      | Noticed Erica
  8326 | D:9      | Reached XP level 10. HP: 89/89 MP: 10/10
  8690 | D:9      | Reached ** piety under Ashenzari
  8698 | D:9      | Found a staircase to the Lair.
  9257 | D:10     | Entered Level 10 of the Dungeon
  9395 | D:10     | Reached skill level 10 in Long Blades
  9486 | D:10     | Noticed Necrophagist's ghost (novice NaIE)
  9486 | D:10     | Noticed a cyclops
  9487 | D:10     | Found a transporter.
  9568 | D:10     | Found a transporter.
  9580 | D:10     | Reached skill level 5 in Evocations
  9657 | D:10     | Noticed Fannar
  9685 | D:10     | Killed Fannar
 10021 | D:10     | Reached XP level 11. HP: 99/99 MP: 11/11
 10202 | D:11     | Reached skill level 5 in Stealth
 10209 | D:11     | Reached skill level 10 in Fighting
 10263 | D:11     | Learned a level 4 spell: Petrify
 10319 | D:11     | Noticed a two-headed ogre
 10334 | D:11     | Noticed a cyan ugly thing
 10343 | D:11     | Killed a cyan ugly thing
 10370 | D:11     | Killed a two-headed ogre
 10370 | D:11     | Reached skill level 11 in Long Blades
 10459 | D:11     | Found a staircase to the Orcish Mines.
 10547 | D:11     | Found Ligiraem's Antique Armour Shoppe.
 10609 | D:11     | Noticed Sonja
 10613 | D:11     | Killed Sonja
 10941 | D:11     | Noticed a necromancer
 10943 | D:11     | a necromancer changed into a hippogriff
 11218 | D:12     | Found a transporter.
 11219 | D:12     | Found a transporter.
 11219 | D:12     | Noticed Diofeng's ghost (journeyman DrCj)
 11220 | D:12     | Noticed a two-headed ogre
 11220 | D:12     | Identified the +9 dire flail of Amortisation {drain, +Inv
                  | SInv}
 11220 | D:12     | Noticed a two-headed ogre
 11222 | D:12     | Noticed a two-headed ogre
 11224 | D:12     | Noticed a two-headed ogre
 11582 | D:12     | Found a shimmering altar of Xom.
 11588 | D:12     | Found a shimmering altar of Xom.
 11606 | D:12     | Reached *** piety under Ashenzari
 11618 | D:12     | Noticed a tengu warrior
 11632 | D:12     | Killed a tengu warrior
 11952 | D:12     | Noticed an ogre mage
 11978 | D:12     | Killed an ogre mage
 11978 | D:12     | Reached XP level 12. HP: 70/106 MP: 12/12
 12474 | D:8      | Killed Erica
 12698 | D:8      | Noticed Gastronok
 12714 | D:8      | Killed Gastronok
 12714 | D:8      | Reached skill level 10 in Dodging
 13249 | D:13     | Noticed a six-headed hydra
 13280 | D:12     | Reached skill level 12 in Long Blades
 13284 | D:12     | Killed a two-headed hydra
 13323 | D:13     | Noticed a centaur warrior
 13342 | D:13     | Killed a centaur warrior
 13342 | D:13     | Reached skill level 10 in Stealth
 13453 | D:13     | Reached skill level 1 in Earth Magic
 14471 | D:13     | Learned a level 5 spell: Summon Forest
 14576 | D:13     | Noticed a vault guard
 14578 | D:13     | Reached XP level 13. HP: 111/113 MP: 13/13
 14595 | D:13     | Reached skill level 1 in Summonings
 14740 | D:13     | Found a gate to the Vaults.
 14855 | D:14     | Noticed Snorg
 14991 | Lair:1   | Entered Level 1 of the Lair of Beasts
 15061 | Lair:1   | Found a dark tunnel.
 15068 | Volcano  | Entered a volcano
 15130 | Volcano  | Noticed a fire dragon
 15147 | Volcano  | Killed a fire dragon
 15944 | Lair:1   | Found a runed translucent gate.
 15945 | Lair:1   | Found a runed translucent gate.
 15946 | Lair:1   | Found a runed translucent gate.
 15956 | Lair:1   | Noticed a minotaur
 16117 | Lair:1   | Noticed Paonulo's ghost (journeyman KoHu)
 16574 | Lair:2   | Found a runed translucent gate.
 16575 | Lair:2   | Found a runed translucent gate.
 16576 | Lair:2   | Found a runed translucent gate.
 16576 | Lair:2   | Noticed Necrophagist's ghost (journeyman FoFi)
 16608 | Lair:2   | Killed Necrophagist's ghost
 16707 | Lair:2   | Reached skill level 5 in Earth Magic
 16739 | Lair:2   | Found a staircase to the Snake Pit.
 16858 | Lair:2   | Reached **** piety under Ashenzari
 17000 | Lair:2   | Reached skill level 13 in Long Blades
 17743 | Lair:3   | Reached skill level 5 in Summonings
 17917 | Lair:3   | Found a runed translucent gate.
 17917 | Lair:3   | Found a runed translucent gate.
 17917 | Lair:3   | Found a runed translucent gate.
 18079 | Lair:3   | Reached skill level 10 in Evocations
 18165 | Lair:3   | Noticed Punenop's ghost (journeyman DrAE)
 18188 | Lair:3   | Killed Punenop's ghost
 18219 | Lair:3   | Identified the ring of Yckysk {Fire rPois}
 18434 | Lair:3   | Reached XP level 14. HP: 103/121 MP: 14/14
 18679 | Lair:3   | Reached skill level 1 in Spellcasting
 19211 | Lair:3   | HP: 10/204 [tyrant leech (13)]
 19385 | Lair:3   | Found a staircase to the Swamp.
 21885 | Lair:5   | Reached ***** piety under Ashenzari
 22079 | Lair:6   | Entered Level 6 of the Lair of Beasts
 22306 | Lair:6   | Identified the cursed +1 long sword "Panoq" {holy, *Slow
                  | +Inv rF++}
 22333 | Lair:6   | Reached skill level 5 in Spellcasting
 22368 | Lair:6   | Reached XP level 15. HP: 111/126 MP: 22/22
 22554 | Lair:6   | Found a staircase to the Slime Pits.
 22555 | Lair:6   | Found a viscous altar of Jiyva.
 24250 | Orc:1    | Entered Level 1 of the Orcish Mines
 24370 | D:12     | Killed Diofeng's ghost
 24755 | D:14     | Killed Snorg
 25187 | D:15     | Entered Level 15 of the Dungeon
 25430 | D:15     | Reached skill level 1 in Shields
 26290 | D:15     | Reached skill level 10 in Earth Magic
 26647 | D:15     | Found a staircase to the Depths.
 27269 | Orc:1    | Found Pegoun's Jewellery Shoppe.
 27280 | Orc:1    | Bought a cursed -4 ring of intelligence for 28 gold pieces
 27475 | Orc:1    | Gained mutation: You are dopey. (Int -2) [a neqoxec]
 27484 | Orc:1    | Lost mutation: You are dopey. (Int -2) [potion of mutation]
 27484 | Orc:1    | Gained mutation: You have supernaturally acute eyesight.
                  | (SInv) [potion of mutation]
 27484 | Orc:1    | Gained mutation: You are agile. (Dex +2) [potion of
                  | mutation]
 27816 | Orc:2    | Entered Level 2 of the Orcish Mines
 27867 | Orc:2    | Found a staircase to the Elven Halls.
 27964 | Orc:2    | Noticed an orc warlord
 27998 | Orc:2    | Killed an orc warlord
 28124 | Orc:2    | Reached XP level 16. HP: 134/134 MP: 27/27
 28435 | Orc:2    | Found Kiefev's General Store.
 28447 | Orc:2    | Reached skill level 10 in Summonings
 28468 | Orc:2    | Gained mutation: You are frail. (-10% HP) [a neqoxec]
 28728 | Orc:2    | Found Ofyvuzue's Antique Weapon Shop.
 28729 | Orc:2    | Found Moiduo's Assorted Antiques.
 28734 | Orc:2    | Found Asurghot's Antique Weapon Shoppe.
 28736 | Orc:2    | Bought a +0 pair of boots of running for 567 gold pieces
 28746 | Orc:2    | Bought a potion of mutation for 192 gold pieces
 28746 | Orc:2    | Bought a potion of mutation for 192 gold pieces
 28767 | Orc:2    | Bought a scroll of enchant armour for 180 gold pieces
 28900 | Orc:1    | Bought the ring of Egomania {rPois rC+ Stlth-} for 359 gold
                  | pieces
 29066 | Lair:1   | Killed Paonulo's ghost
 29125 | Lair:1   | Reached skill level 5 in Shields
 29397 | Swamp:1  | Entered Level 1 of the Swamp
 30047 | Swamp:1  | Reached skill level 1 in Transmutations
 30188 | Swamp:1  | Noticed a thorn hunter
 30205 | Swamp:1  | Killed from afar by a thorn hunter

Illustrated notes

Levels and vault maps discovered:
D:1:      dpeg_arrival_subterranean_lakeside_camping, layout_basic
D:2:      layout_basic, kennysheep_jessica_study
D:3:      layout_loops_corners, gammafunk_temple_overflow_claw,
          chequers_mini_garden, cheibriados_altar_1
D:4:      layout_basic, minmay_temple_entry_stoned_glass,
          nicolae_ru_the_path_less_chosen
D:5:      layout_basic, serial_shops, nicolae_shop_trees,
          evilmike_ruin_ashenzari, uniq_eustachio
D:6:      layout_basic, serial_curves, eino_curves_01, eino_curves_03,
          uniq_blork_the_orc
D:7:      layout_loops_ring, grunt_temple_overflow_order_and_chaos_2,
          chequers_serial_rivers_small_3, uniq_duvessa
D:8:      layout_cave_pools, grunt_gozag_statues, minmay_manual_maat,
          uniq_joseph, uniq_gastronok, uniq_erica
D:9:      layout_basic, lair_entry_dummy
D:10:     layout_rooms, gammafunk_ghost_arena, uniq_fannar
D:11:     layout_loops_ring, minmay_orc_entry_guard_dogs, serial_shops, shop,
          eino_house_with_fridge, uniq_sonja
D:12:     kennysheep_big_flooded_room, layout_small_grid, gammafunk_ghost_smash,
          chequers_serial_rivers_room_a, xom_redecorated
D:13:     layout_cave_pools, grunt_vaults_entry_tiered
D:14:     layout_rooms, uniq_snorg
D:15:     hangedman_depths_entry_try_elsewhere_first, layout_basic, hex_medium
Temple:   eino_temple_rhombus
Lair:1:   layout_regular_city, nicolae_volcano_entry_hallway,
          maelrawn_ghost_gauntlet_escape, ldierk_geyser
Lair:2:   layout_gridlike, guppyfry_snake_entry_island,
          ebering_ghost_rock_garden, st_stairs_11, serial_bayou_shore_a
Lair:3:   beast_lair_carwin_large_3, layout_chaotic_city,
          palyth_hydra_swamp_entry, gammafunk_ghost_icy
Lair:4:   layout_regular_city, nicolae_lair_grove_arrangements,
          kennysheep_abandoned_house
Lair:5:   beast_lair_carwin_large_4, layout_gridlike, grunt_megastairs_3
Lair:6:   evilmike_catoblepas_cave, layout_gridlike, slime_altar_1
Swamp:1:  layout_basic_swamp, infiniplex_staircase_pool
Orc:1:    layout_caves, serial_shops, nicolae_shop_stone, guppyfry_library_mini
Orc:2:    st_orc_elflike, layout_diamond_mine

Skill      XL: |  1  2  3  4  5  6  7  8  9 10 11 12 13 14 15 16 |
---------------+-------------------------------------------------+-----
Throwing       | 2 |  2.0
Dodging        | 3 4 5 6 7 8 9 10 11 | 11.4
Fighting       | 3 4 5 7 8 9 10 | 10.1
Long Blades    | 4 5 6 8 9 10 11 12 13 | 13.3
Evocations     | 3 5 6 8 10 | 10.1
Stealth        | 4 8 10 12 | 12.7
Earth Magic    | 3 6 8 10 | 10.9
Summonings     | 5 8 9 10 | 10.3
Spellcasting   | 5 7 8 |  8.0
Shields        | 4 5 |  5.4
Transmutations | 1 |  1.4

Action                   |  1- 3 |  4- 6 |  7- 9 | 10-12 | 13-15 | 16-18 || total
-------------------------+-------+-------+-------+-------+-------+-------++-------
Melee: Long sword        |    17 |    38 |   360 |   556 |       |       ||   971
       Tailslap          |     9 |    30 |    73 |   152 |   346 |    61 ||   671
       Dagger            |    61 |   179 |       |       |       |       ||   240
       Scimitar          |       |       |       |   222 |  1658 |   298 ||  2178
 Cast: Petrify           |       |       |       |       |       |     9 ||     9
Invok: Curse Item        |       |     1 |       |     2 |     1 |     1 ||     5
 Abil: Breathe Frost     |       |       |     1 |     2 |     3 |     1 ||     7
Evoke: Wand              |       |       |     4 |    13 |     6 |     2 ||    25
       Phial of floods   |       |       |       |       |     1 |     1 ||     2
  Use: Scroll            |       |    10 |     2 |    19 |     8 |     3 ||    42
       Potion            |       |       |     1 |     3 |     4 |     2 ||    10
 Stab: Sleeping          |     1 |     1 |     3 |     8 |    32 |     1 ||    46
       Paralysed         |       |       |       |    15 |     4 |     2 ||    21
       Distracted        |       |       |       |     1 |     5 |       ||     6
       Petrified         |       |       |       |       |     1 |    18 ||    19
       Petrifying        |       |       |       |       |       |     2 ||     2
Armor: Skin              |    15 |    34 |    49 |   118 |   270 |    55 ||   541
Dodge: Dodged            |    56 |   164 |   320 |   639 |  1410 |   214 ||  2803
Block: Buckler           |       |       |       |       |    67 |    49 ||   116
       Rpst.: Long sword |     6 |     7 |    88 |   116 |       |       ||   217
       Scimitar          |       |       |       |    50 |   336 |    52 ||   438

Table legend: (Time is in decaauts)
 A = Elapsed time spent in this place.
 B = Non-inter-level travel time spent in this place.
 C = Inter-level travel time spent in this place.
 D = Time resting spent in this place.
 E = Time spent auto-exploring this place.
 F = Levels seen in this place.
 G = Mean time per level.
                   A        B        C        D        E       F      G
               +--------+--------+--------+--------+--------+-----+--------+
         Total |  29524 |  28061 |   1463 |   8123 |  12301 |  26 | 1135.5 |
       Dungeon |  17435 |  16515 |    920 |   4665 |   7520 |  15 | 1162.3 |
        Temple |    251 |    235 |     16 |      0 |    217 |   1 |  251.0 |
          Lair |   9548 |   9135 |    413 |   2979 |   3737 |   6 | 1591.3 |
         Swamp |    249 |    249 |      0 |    107 |      0 |   1 |  249.0 |
  Orcish Mines |   1752 |   1638 |    114 |    282 |    777 |   2 |  876.0 |
       Volcano |    287 |    287 |      0 |     88 |     50 |   1 |  287.0 |
               +--------+--------+--------+--------+--------+-----+--------+

Top non-repeatable levels by time:
  Lair:3: 2403 daAuts
    D:12: 1886 daAuts
  Lair:6: 1857 daAuts
    D:15: 1665 daAuts
     D:6: 1628 daAuts
  Lair:1: 1551 daAuts
  Lair:5: 1501 daAuts
     D:5: 1377 daAuts
    D:13: 1351 daAuts
     D:3: 1318 daAuts
     D:8: 1287 daAuts
     D:9: 1231 daAuts
    D:11: 1209 daAuts
  Lair:2: 1124 daAuts
  Lair:4: 1109 daAuts
